 Dungeon Sprint DCSS version 0.23.0 (webtiles) character file.

Game seed: 1214886496948175392

487 Kairos the Shield-Bearer (level 7, -10/42 HPs)
             Began as a Vine Stalker Fighter on Feb 12, 2019.
             Mangled by Sonja
             ... wielding a +0 short sword of distortion
              (21 damage)
             ... in the Dungeon (Sprint I: "Red Sonja").
             The game lasted 00:01:01 (202 turns).

Kairos the Shield-Bearer (Vine Stalker Fighter)      Turns: 202, Time: 00:01:01

Health: -10/42     AC:  7    Str: 26    XL:     7   Next: 13%
Magic:  0/8        EV:  9    Int:  8    God:
Gold:   81         SH: 12    Dex: 13    Spells: 6/6 levels left

rFire    . . .     SeeInvis .   a - +0 war axe
rCold    . . .     Gourm    .   c - +0 shield
rNeg     . . .     Faith    .   b - +0 scale mail
rPois    .         Spirit   +   (no helmet)
rElec    .         Reflect  .   (no cloak)
rCorr    .         Harm     .   (no gloves)
MR       .....     NoTele   +   (no boots)
Stlth    ..........             (no amulet)
HPRegen  0.54/turn              (no ring)
MPRegen  0.11/turn              (no ring)

@: mighty, lethally poisoned (-10 -> -26), slowed, very slow
A: fangs 2, regeneration 1, magic shield, antimagic bite, no potion heal 3, rot
immunity
a: no special abilities


You were in the Dungeon.
You were not hungry.

You visited 1 branch You collected 81 gold pieces.

Inventory:

Hand Weapons
 a - a +0 war axe (weapon)
Armour
 b - a +0 scale mail (worn)
 c - a +0 shield (worn)
Scrolls
 d - a scroll of identify {unknown}
 k - a scroll of blinking
Potions
 e - a potion of curing
 g - a potion of heal wounds
 h - a potion of haste
 i - 2 potions of magic
 j - a potion of berserk rage
 l - a potion of degeneration {unknown}
Comestibles
 f - a ration


   Skills:
 + Level 7.7 Fighting
 + Level 5.4 Axes
 + Level 6.8 Armour
 + Level 1.4 Dodging
 + Level 7.8 Shields


You had 6 spell levels left.
You didn't know any spells.
Your spell library was empty.

Dungeon Overview and Level Annotations

Branches:
Dungeon (1/1)

Altars:
Makhleb
Sif Muna
Vehumet
Wu Jian
Xom
Jiyva
Lugonu

Annotations:
D Sonja


Innate Abilities, Weirdness & Mutations

You have extremely sharp teeth.
Your natural rate of healing is unusually fast.
When hurt, damage is shared between your health and your magic reserves.
Your bite disrupts and absorbs the magic of your enemies.
Potions cannot restore your health.
You are immune to rotting.


Message History

There is an open door here.
You see here 2 curare-tipped needles.
You feel very sick.
Sonja shoots a curare-tipped needle.
You block the curare-tipped needle.
Sonja shoots a curare-tipped needle.
The curare-tipped needle hits you.
You are more poisoned.
You have difficulty breathing.
You feel as though you will be slow longer.
You see here a curare-tipped needle.
You feel very sick.
Sonja unwields a +0 blowgun.
Sonja wields a +0 short sword of distortion.
Its appearance distorts for a moment.
You block Sonja's attack. Sonja hits you but does no damage.
Space bends around you. You block Sonja's attack.
Sonja hits you with a +0 short sword of distortion.
* * * LOW HITPOINT WARNING * * *
Space warps horribly around you!!
Ouch! That really hurt!
You die...

#..#####'#####'#__#
#..# #$$ #(####
#..# ### ##.# #..#
#+#_.+ #⌠⌠# +..._#
#### #_.#+# ##(#
##(##


+$@$+ #$K$# ##.## #+# You could see Sonja.

Vanquished Creatures
  A slime creature (D)
  Sigmund (D)
  An ogre (D)
  A jelly (D)
  Ijyb (D)
5 creatures vanquished.

Vanquished Creatures (others)
  A gargoyle (D)
1 creature vanquished.

Grand Total: 6 creatures vanquished

Notes
Turn   | Place    | Note
-------+----------+-------------------------------------------
     0 | D        | Kairos the Vine Stalker Fighter began the quest for the
                  | Orb.
     0 | D        | Reached XP level 1. HP: 11/11 MP: 2/2
     2 | D        | Noticed Ijyb
    16 | D        | Killed Ijyb
    16 | D        | Reached XP level 2. HP: 17/17 MP: 3/3
    16 | D        | Reached XP level 3. HP: 21/21 MP: 4/4
   129 | D        | Killed a gargoyle
   146 | D        | Noticed an ogre
   150 | D        | Killed an ogre
   150 | D        | Reached skill level 5 in Fighting
   150 | D        | Reached skill level 5 in Shields
   150 | D        | Gained mutation: Your natural rate of healing is unusually
                  | fast. [Vine Stalker growth]
   150 | D        | Reached XP level 4. HP: 10/27 MP: 2/5
   150 | D        | Reached XP level 5. HP: 12/30 MP: 2/6
   154 | D        | Noticed Sigmund
   158 | D        | Killed Sigmund
   158 | D        | Reached skill level 5 in Armour
   158 | D        | Reached skill level 1 in Dodging
   158 | D        | Reached XP level 6. HP: 20/37 MP: 7/7
   172 | D        | Found a deep blue altar of Sif Muna.
   173 | D        | Found an ornate altar of the Wu Jian Council.
   176 | D        | Found a radiant altar of Vehumet.
   186 | D        | Found a viscous altar of Jiyva.
   186 | D        | Found a corrupted altar of Lugonu.
   186 | D        | Noticed a slime creature
   187 | D        | Found a burning altar of Makhleb.
   187 | D        | Found a shimmering altar of Xom.
   191 | D        | Killed a slime creature
   191 | D        | Reached skill level 5 in Axes
   191 | D        | Reached XP level 7. HP: 39/42 MP: 8/8
   199 | D        | Noticed Sonja
   202 | D        | Mangled by Sonja

Skill      XL: |  1  2  3  4  5  6 |
---------------+-------------------+-----
Fighting       | 4 5 6 7 |  7.7
Axes           | 2 3 4 5 |  5.4
Armour         | 3 4 5 6 |  6.8
Shields        | 3 5 6 7 |  7.8
Dodging        | 1 |  1.4

Action                   |  1- 3 |  4- 6 |  7- 9 || total
-------------------------+-------+-------+-------++-------
Melee: War axe           |    16 |     8 |       ||    24
       Bite              |     4 |     5 |       ||     9
  Use: Potion            |     1 |       |       ||     1
Armor: Scale mail        |     4 |     2 |     1 ||     7
Dodge: Dodged            |     7 |     2 |     1 ||    10
Block: Shield            |     9 |     5 |     3 ||    17
